 Seeded DCSS version 0.29.1-15-g9cfb28693d (webtiles) character file.

Game seed: 16245865983455551772 (custom seed)

4568 Darius099 the Covert (level 10, -5/72 HPs)
             Began as an Octopode Brigand on Mar 20, 2023.
             Was a Priest of Dithmenos.
             Shot with an arrow by a centaur (14 damage)
             ... on level 8 of the Dungeon.
             The game lasted 00:27:25 (7869 turns).

Darius099 the Covert (Octopode Brigand)             Turns: 7869, Time: 00:27:26

Health: -5/72      AC:  3    Str: 18    XL:     10   Next: 41%
Magic:  15/15      EV: 15    Int: 28    God:    Dithmenos [***...]
Gold:   244        SH:  4    Dex: 21    Spells: 6/16 levels left

rFire   + . .      SeeInvis .   q - +5 quick blade
rCold   . . .      Faith    .   F - +0 buckler of Teve Osm {rElec Regen+ Int+3}
rNeg    . . .      Spirit   .   D - +2 hat
rPois   .          Reflect  .   a - amulet of regeneration
rElec   +          Harm     .   h - +6 ring of intelligence
rCorr   .          Rampage  .   i - +6 ring of intelligence
Will    +....                   A - ring "Vokug" {rElec rF+ Will+ Str+6 Dex+4}
Stlth   +++++++++.              (no ring)
HPRegen 1.82/turn               (no ring)
MPRegen 0.14/turn               (no ring)
                                (no ring)
                                (no ring)

@: lethally poisoned (-5 -> -9), wreathed by umbra
A: almost no armour, amphibious, 8 rings, camouflage 1, gelatinous body 1,
(nimble swimmer 1), tentacles
a: Renounce Religion, Shadow Step


You were on level 8 of the Dungeon.
You worshipped Dithmenos.
Dithmenos was most pleased with you.
You visited 1 branch of the dungeon, and saw 8 of its levels.

You collected 1167 gold pieces.
You spent 923 gold pieces at shops.

Inventory:

Hand Weapons
 q - a +5 quick blade (weapon)
Missiles
 b - 38 poisoned darts (quivered)
 c - 4 curare-tipped darts
Armour
 D - a +2 hat (worn)
 F - the +0 buckler of Teve Osm (worn) {rElec Regen+ Int+3}
   (You acquired it on level 7 of the Dungeon)

   Int:       It affects your intelligence (+3).
   rElec:     It insulates you from electricity.
   Regen:     It increases your rate of health regeneration.
Jewellery
 a - an amulet of regeneration (around mantle)
 h - a +6 ring of intelligence (left tentacle)
 i - a +6 ring of intelligence (right tentacle)
 v - a ring of ice
 A - the ring "Vokug" (on tentacle) {rElec rF+ Will+ Str+6 Dex+4}
   (You bought it in a shop on level 7 of the Dungeon)

   [ring of strength]

   Str:       It affects your strength (+6).
   Dex:       It affects your dexterity (+4).
   rF:        It protects you from fire.
   rElec:     It insulates you from electricity.
   Will:      It increases your willpower.
 H - a +6 ring of intelligence
Wands
 n - a wand of roots (25)
 z - a wand of flame (53)
 B - a wand of charming (8)
Scrolls
 d - a scroll of acquirement
 g - 9 scrolls of teleportation {unknown}
 k - 9 scrolls of identify {unknown}
 l - a scroll of enchant weapon {unknown}
 m - 2 scrolls of summoning {unknown}
 o - a scroll of noise {unknown}
 r - 3 scrolls of immolation {unknown}
 u - a scroll of silence {unknown}
 w - a scroll of butterflies {unknown}
 y - a scroll of amnesia {unknown}
 E - a scroll of poison {unknown}
Potions
 e - a potion of might {unknown}
 f - 2 potions of flight {unknown}
 j - 2 potions of lignification {unknown}
 p - 4 potions of brilliance {unknown}
 s - a potion of berserk rage {unknown}
 t - a potion of heal wounds {unknown}
 x - 2 potions of curing {unknown}
 C - a potion of attraction {unknown}
 G - 2 potions of degeneration {unknown}


   Skills:
 + Level 7.8 Fighting
 + Level 7.9 Short Blades
 - Level 2.0 Throwing
 + Level 4.2 Dodging
 + Level 11.5 Stealth
 + Level 3.7 Spellcasting
 + Level 4.1 Hexes


You had 6 spell levels left.
You knew the following spells:

 Your Spells              Type           Power      Damage    Failure   Level
a - Confusing Touch       Hex            28%        N/A       6%          3
b - Enfeeble              Hex            14%        N/A       100%        7

Your spell library contained the following spells:

 Spells                   Type           Power      Damage    Failure   Level
 Sting                    Tmut/Pois      20%        1d4       11%         1
 Poisonous Vapours        Pois/Air       10%        N/A       16%         2
 Olgreb's Toxic Radiance  Pois           5%         N/A       71%         4
 Yara's Violent Unravell  Hex/Tmut       8%         3d5       77%         5
 Chain Lightning          Conj/Air       2%         3d3       100%        9
 Fire Storm               Conj/Fire      2%         8d1       100%        9
 Shatter                  Erth           2%         3d6*      100%        9


Dungeon Overview and Level Annotations

Branches:
Dungeon (8/15)             Temple (0/1) D:5            Lair (0/5) D:8

Altars:
Cheibriados
Dithmenos
Hepliaklqana
Makhleb
Qazlal
Zin

Shops:
D:3 [   D:4 *:[   D:7 =


Innate Abilities, Weirdness & Mutations

You cannot wear most types of armour.
You are amphibious.
You can wear up to eight rings at the same time.
Your skin changes colour to match your surroundings (Stealth+).
Your rubbery body absorbs attacks. (AC +1, EV +1)
((You are camouflaged when in or above water. (Stealth+)))
You have tentacles for arms and can constrict up to eight enemies at once.


Message History

Amaemon is heavily wounded.
You constrict Amaemon.
You feel sick.
You hit Amaemon but do no damage.
Amaemon is heavily wounded.
You constrict Amaemon.
You feel sick.
Amaemon shouts, "You think you're better than me?"
Amaemon misses you. Amaemon claws you!
Amaemon tail-slaps you but does no damage.
You hit Amaemon. You squeeze Amaemon.
Amaemon is heavily wounded.
You constrict Amaemon.
You feel sick.
You hit Amaemon but do no damage.
Amaemon is heavily wounded.
You constrict Amaemon.
You feel sick.
You puncture Amaemon! You squeeze Amaemon!
Amaemon is almost dead.
You constrict Amaemon.
You feel sick.
Amaemon hits you with a +0 demon whip of venom!
You are more poisoned.
Amaemon claws you.
* * * LOW HITPOINT WARNING * * *
Amaemon misses you.
You hit Amaemon. You squeeze Amaemon!
Amaemon is almost dead.
You constrict Amaemon.
You feel very sick.
You hit Amaemon but do no damage. You squeeze Amaemon.
You kill Amaemon!
Dithmenos accepts your kill.
You feel sick.
Your Hexes skill increases to level 4!
You hit the centaur.
The centaur is lightly wounded.
You feel sick. The centaur attacks as you move away!
You block the centaur's attack. The centaur completely misses you.
You feel very sick.
The centaur wields a +0 shortbow.
The centaur shoots an arrow.
The arrow hits you!
You die...

....#
.........#########.#
#....##
.........#########.#
.......
...........).)....>#
#....#
...........###)#####
.....#
...........))†.#
.....#
....c..4....####
.##### ...####c....#
.# #..'.....# )#
#>@#......# @####
####...P..# ....#
........# .K.:#
.........# ....#
...........# ....#
......P....# K...#
...........# ....#
....#


You could see an orange demon and a centaur.

Vanquished Creatures
  Amaemon (D:8)
  Joseph (D:8)
  Psyche (D:8)
  Sigmund (D:5)
  A steam dragon (D:7)
  A water moccasin (D:6)
  2 ice beasts
  3 orc warriors
  3 black bears
  An ogre (D:4)
  A phantom (D:6)
  A centaur (D:5)
  4 kobold brigands
  4 bullfrogs
  2 necrophages
  5 scorpions
  4 wights (D:7)
  4 howler monkeys
  3 orc priests
  4 hounds
  A gnoll bouda (D:7)
  An iron imp (D:4)
  Jessica (D:2)
  3 iguanas
  6 orc wizards
  A hound skeleton (D:4)
  8 gnolls
  5 adders
  A white imp (D:5)
  A dart slug (D:5)
  20 orcs
  6 ball pythons
  3 bats
  8 endoplasms
  A giant cockroach (D:4)
  5 goblins
  8 hobgoblins
  23 kobolds
  4 quokkas
  3 frilled lizards
  7 rats
163 creatures vanquished.

Vanquished Creatures (others)
  28 fungi (D:8)
  28 plants
56 creatures vanquished.

Grand Total: 219 creatures vanquished

Notes
Turn   | Place    | Note
-------+----------+-------------------------------------------
     0 | D:1      | Darius099 the Octopode Brigand began the quest for the Orb.
     0 | D:1      | Reached XP level 1. HP: 14/14 MP: 1/1
   165 | D:1      | Reached XP level 2. HP: 12/19 MP: 2/2
   333 | D:1      | Found a faded altar of an unknown god.
  1209 | D:1      | Reached XP level 3. HP: 25/25 MP: 3/3
  1371 | D:2      | Noticed Jessica
  1375 | D:2      | Killed Jessica
  1376 | D:2      | Reached skill level 6 in Stealth
  1376 | D:2      | Reached XP level 4. HP: 30/30 MP: 4/4
  2189 | D:3      | Found Ymmy Ciutu's Antique Armour Shoppe.
  2510 | D:4      | Found a shadowy altar of Dithmenos.
  2523 | D:4      | Became a worshipper of Dithmenos the Shadowed
  2559 | D:4      | Found Gamycsypi's Antique Armour Boutique.
  2567 | D:4      | Noticed a scorpion
  2587 | D:4      | Killed a scorpion
  2588 | D:4      | Reached XP level 5. HP: 22/36 MP: 5/5
  2714 | D:3      | Identified 3 scrolls of acquirement
  2714 | D:3      | Acquired a +5 quick blade
  2932 | D:3      | Reached skill level 7 in Stealth
  3066 | D:3      | Reached XP level 6. HP: 43/43 MP: 6/6
  3251 | D:3      | Acquired 736 gold pieces
  3309 | D:4      | Found a burning altar of Makhleb.
  3343 | D:4      | Found Tuuwolaw's General Store.
  3396 | D:4      | Found a snail-covered altar of Cheibriados.
  3445 | D:4      | Reached * piety under Dithmenos
  3679 | D:4      | Found Koenoidu's Book Boutique.
  3721 | D:4      | Reached XP level 7. HP: 49/49 MP: 7/7
  3898 | D:5      | Entered Level 5 of the Dungeon
  3904 | D:5      | Reached skill level 8 in Stealth
  4072 | D:5      | Found a staircase to the Ecumenical Temple.
  4194 | D:5      | Reached skill level 5 in Fighting
  4194 | D:5      | Reached skill level 5 in Short Blades
  4225 | D:5      | Found a glowing silver altar of Zin.
  4349 | D:5      | Noticed Sigmund
  4362 | D:5      | Killed Sigmund
  4363 | D:5      | Reached skill level 9 in Stealth
  4363 | D:5      | Reached XP level 8. HP: 49/56 MP: 8/8
  5618 | D:6      | Reached skill level 10 in Stealth
  5644 | D:6      | Reached ** piety under Dithmenos
  6380 | D:7      | Found Dackej's Jewellery Shoppe.
  6387 | D:7      | Bought the ring "Vokug" {rElec rF+ Will+ Str+6 Dex+4} for
                  | 923 gold pieces
  6395 | D:7      | Learned a level 3 spell: Confusing Touch
  6442 | D:7      | Reached XP level 9. HP: 10/63 MP: 9/9
  6515 | D:7      | Found a hazy altar of Hepliaklqana.
  6541 | D:7      | Reached skill level 1 in Hexes
  6597 | D:7      | Reached skill level 1 in Spellcasting
  6996 | D:7      | Learned a level 7 spell: Enfeeble
  7020 | D:7      | Reached skill level 11 in Stealth
  7294 | D:8      | Noticed Psyche
  7302 | D:8      | Killed Psyche
  7312 | D:8      | Found a stormy altar of Qazlal.
  7333 | D:8      | Noticed Joseph
  7423 | D:8      | Reached *** piety under Dithmenos
  7456 | D:8      | Killed Joseph
  7457 | D:8      | Reached XP level 10. HP: 28/71 MP: 14/14
  7609 | D:7      | Acquired the +0 buckler of Teve Osm {rElec Regen+ Int+3}
  7780 | D:8      | Found a staircase to the Lair.
  7824 | D:8      | Noticed an orange demon
  7850 | D:8      | Noticed Amaemon
  7867 | D:8      | Killed Amaemon
  7869 | D:8      | Shot with an arrow by a centaur

Illustrated notes

Levels and vault maps discovered:
D:1:      minmay_arrival_hallway, layout_loops_corners, basic_ecumenical_altar,
          minmay_unequal
D:2:      layout_loops_ring, uniq_jessica
D:3:      layout_basic, serial_shops, nicolae_shop_advertising_works
          [nicolae_subvault_shop_adworks], minmay_shallow_snake_nest,
          uniq_natasha
D:4:      layout_rooms, grunt_dithmenos_smoke_and_mirrors,
          makhleb_blood_cavern_becter, slow_altar_1, serial_shops,
          nicolae_square_shop, nicolae_shop_temple_entry_statues_fountains,
          kennysheep_mini_moat, chequers_serial_rivers_large_a,
          minmay_fractal_squares_gapless_5
D:5:      layout_layer_cave, mainiacjoe_overflow_cross_hatched,
          lemuel_temple_firewalk_b, uniq_sigmund
D:6:      layout_basic
D:7:      layout_basic, nicolae_hepliaklqana_hazy_memory, serial_shops,
          nicolae_stop_n_shop_2
D:8:      layout_basic, nicolae_qazlal_style_of_elements,
          grunt_lair_entry_orc_guard_hut, uniq_amaemon, uniq_psyche,
          uniq_joseph, uniq_maurice

Skill      XL: |  1  2  3  4  5  6  7  8  9 10 |
---------------+-------------------------------+-----
Stealth        | 6 7 9 10 11 | 11.5
Short Blades   | 3 4 5 6 7 |  7.9
Fighting       | 3 4 5 6 7 |  7.8
Hexes          | 3 4 |  4.1
Spellcasting   | 3 |  3.7
Dodging        | 3 4 |  4.2
Throwing       | |  2.0

Action                   |  1- 3 |  4- 6 |  7- 9 | 10-12 || total
-------------------------+-------+-------+-------+-------++-------
Melee: Dagger            |    37 |    27 |       |       ||    64
       Tentacles         |     9 |    21 |    70 |    26 ||   126
       Constrict         |     6 |    17 |    45 |    10 ||    78
       Quick blade       |       |    73 |   229 |    57 ||   359
       Punch             |       |     1 |     4 |     1 ||     6
  Use: Scroll            |       |     2 |       |     1 ||     3
 Stab: Sleeping          |     8 |    10 |    18 |       ||    36
       Distracted        |       |     1 |     1 |       ||     2
Armor: Skin              |     1 |     1 |     2 |     3 ||     7
Dodge: Dodged            |    12 |    26 |    71 |    19 ||   128
Block: Buckler           |       |       |       |     5 ||     5
